 Dungeon Crawl Stone Soup version 0.21-a0-200-gb89f83b (webtiles) character file.

7209 nikopol the Cleaver (level 10, -10/90 (93) HPs)
             Began as a Minotaur Berserker on Aug 16, 2017.
             Was a High Priest of Trog.
             Killed from afar by namelastname112's ghost (32 damage)
             ... with an orb of energy
             ... on level 9 of the Dungeon.
             The game lasted 00:24:53 (11616 turns).

nikopol the Cleaver (Minotaur Berserker)           Turns: 11616, Time: 00:24:54

HP:   -10/90 (93)   AC:  8    Str: 25    XL:     10   Next: 87%
MP:   9/9           EV: 12    Int:  4    God:    Trog [*****.]
Gold: 485           SH:  0    Dex: 10    Spells: 9/9 levels left

rFire    . . .     SeeInvis .   a - +0 hand axe
rCold    . . .     Gourm    .   (no shield)
rNeg     . . .     Faith    .   k - +0 scale mail
rPois    .         Spirit   .   s - +0 hat
rElec    .         Reflect  .   (no cloak)
rCorr    .         Harm     .   (no gloves)
MR       .....                  (no boots)
Stlth    ..........             (no amulet)
HPRegen  0.25/turn              E - ring of loudness (curse)
MPRegen  0.11/turn              (no ring)

@: lethally poisoned (-10 -> -11), berserk cooldown, slowed, very slow
A: retaliatory headbutt, horns 2
a: Berserk, Trog's Hand, Brothers in Arms, Burn Spellbooks, Renounce Religion


You were on level 9 of the Dungeon.
You worshipped Trog.
Trog was extremely pleased with you.
You were not hungry.

You visited 1 branch of the dungeon, and saw 9 of its levels.
You also visited: Sewer.

You collected 485 gold pieces.

Inventory:

Hand Weapons
 a - a +0 hand axe (weapon)
Missiles
 v - 4 tomahawks of returning (quivered)
 G - 8 tomahawks
Armour
 b - a +0 animal skin
 k - a +0 scale mail (worn)
 s - a +0 hat (worn)
Jewellery
 E - a cursed ring of loudness (left hand)
 I - a cursed ring of loudness
Wands
 o - a wand of paralysis (5/24)
 u - a wand of polymorph (8/24)
Scrolls
 d - 10 scrolls of identify
 e - a scroll of remove curse
 h - a scroll of noise {unknown}
 j - a scroll of immolation {unknown}
 n - 4 scrolls of teleportation {unknown}
 r - 2 scrolls of random uselessness {unknown}
 t - 2 scrolls of enchant armour {unknown}
 w - 2 scrolls of enchant weapon {unknown}
 x - a scroll of amnesia {unknown}
 C - 2 scrolls of recharging {unknown}
 F - 3 scrolls of brand weapon {unknown}
Potions
 g - a potion of brilliance {unknown}
 l - 5 potions of curing
 m - a potion of flight {unknown}
 p - 3 potions of degeneration {unknown}
 q - a potion of haste
 z - 2 potions of invisibility {unknown}
 A - a potion of ambrosia {unknown}
 B - a potion of resistance {unknown}
 D - a potion of cancellation {unknown}
Comestibles
 c - 8 bread rations
 f - 4 meat rations
 i - 4 royal jellies


   Skills:
 + Level 10.1 Fighting
 + Level 12.9 Axes
 + Level 10.3 Armour
 + Level 5.9 Dodging
 + Level 2.2 Stealth


You had 9 spell levels left.
You didn't know any spells.

Dungeon Overview and Level Annotations

Branches:
Dungeon (9/15)             Temple (0/1) D:5             Orc (0/2) D:9
   Lair: D:8-11

Altars:
Ashenzari
Gozag
Kikubaaqudgha
Makhleb
Okawaru
Vehumet
Yredelemnul
Zin
The Shining One
Lugonu

Annotations:
D:9 Psyche; namelastname112's ghost, novice DrCj


Innate Abilities, Weirdness & Mutations

You reflexively headbutt those who attack you in melee.
You have a pair of horns on your head.


Message History

Your ogre is poisoned.
You feel sick.
Your ogre barely misses namelastname112's ghost.
Namelastname112's ghost gestures at you while chanting.
The magic dart hits your ogre.
Your ogre misses namelastname112's ghost.
Namelastname112's ghost hits your ogre.
Your ogre looks as sick as possible!
Your ogre hits namelastname112's ghost with a giant club!
Namelastname112's ghost hits your ogre.
Your ogre looks as sick as possible!
Your ogre completely misses namelastname112's ghost.
You feel sick.
Namelastname112's ghost points at you and mumbles some strange words.
The magic dart hits your ogre.
Your ogre dies!
Your ogre's corpse disappears in a puff of smoke!
Namelastname112's ghost casts a spell at you.
The orb of energy hits you!
You die...

#####.## #.....Z.Z.#
#.....# ............
##.######
..........Z..
#.......#
..8...>.ZZ8Z.#
#.......# ....
#.......### ##...
#.........########ZZ#
#.......#.......##.#
#.<.....#######.@..##
#.......# ####W.#
#.......# ##Y##
###.##### ##YZ# ###.#
### #..##
#...#..§§§≈......##
#'###..≈§§.≈≈....
.......≈≈≈≈≈≈≈...
.......≈≈≈≈≈≈≈...


You could see namelastname112's ghost and an orc skeleton.

Vanquished Creatures
  A two-headed ogre (D:8)
  An orc knight (D:7)
  A hippogriff (D:8)
  Sigmund (D:4)
  6 yaks (D:9)
  Eustachio (D:4)
  A water moccasin (D:7)
  5 sky beasts
  2 orc warriors
  An ice beast (D:7)
  An eye of draining (D:8)
  3 necrophages
  4 phantoms
  5 ogres
  A centaur (D:7)
  Blork the orc (D:4)
  8 bullfrogs
  A wyvern skeleton (D:7)
  3 scorpions
  A troll zombie (D:9)
  6 howler monkeys
  3 crimson imps
  A centaur zombie (D:7)
  2 quasits
  A bullfrog skeleton (D:5)
  2 hounds
  5 orc wizards
  4 orc priests
  2 gnoll shamans (D:6)
  3 jellies
  Terence (D:2)
  3 iguanas
  8 worker ants
  A hound zombie (D:5)
  An ogre zombie (D:9)
  A hound skeleton (D:5)
  34 gnolls (D:6)
  7 adders
  4 shadow imps
  2 oozes
  2 adder zombies (D:6)
  An adder skeleton (D:4)
  2 worms (D:2)
  4 dart slugs
  9 leopard geckos
  20 orcs
  15 bats
  17 giant cockroaches
  2 gnoll zombies (D:5)
  8 goblins
  6 hobgoblins
  37 jackals
  4 quokkas
  A ball python (Sewer)
  10 frilled lizards
  4 goblin zombies (D:9)
  A hobgoblin skeleton (D:9)
  9 kobolds
  2 orc skeletons (D:9)
  4 orc zombies (D:9)
  7 rats
304 creatures vanquished.

Notes
Turn   | Place    | Note
-------+----------+-------------------------------------------
     0 | D:1      | nikopol the Minotaur Berserker began the quest for the Orb.
     0 | D:1      | Reached XP level 1. HP: 19/19 MP: 0/0
   117 | D:1      | Found a shattered altar of Ashenzari.
   125 | D:1      | Reached skill level 4 in Axes
   125 | D:1      | Reached XP level 2. HP: 21/27 MP: 1/1
   371 | D:1      | Reached XP level 3. HP: 25/33 MP: 2/2
   540 | D:1      | Reached ** piety under Trog
   908 | D:2      | Noticed Terence
   918 | D:2      | Killed Terence
   918 | D:2      | Reached skill level 5 in Axes
   918 | D:2      | Reached XP level 4. HP: 31/40 MP: 3/3
  1459 | D:2      | Found a faded altar of an unknown god.
  1853 | D:3      | Found a glowing golden altar of the Shining One.
  1954 | D:3      | Reached XP level 5. HP: 47/47 MP: 4/4
  1955 | D:3      | Reached *** piety under Trog
  1957 | D:3      | Found a glowing drain.
  1969 | Sewer    | Entered a sewer
  2240 | Sewer    | Reached skill level 6 in Axes
  2240 | Sewer    | Reached skill level 1 in Stealth
  2260 | Sewer    | Reached skill level 5 in Fighting
  2260 | Sewer    | Reached XP level 6. HP: 46/56 MP: 5/5
  2553 | D:3      | Found an ancient bone altar of Kikubaaqudgha.
  3050 | D:2      | Found a glowing silver altar of Zin.
  3211 | D:4      | Noticed Blork the orc
  3225 | D:4      | Killed Blork the orc
  3466 | D:4      | Noticed Sigmund
  3478 | D:4      | Killed Sigmund
  3478 | D:4      | Reached skill level 7 in Axes
  3478 | D:4      | Reached XP level 7. HP: 57/61 MP: 6/6
  3583 | D:4      | Noticed Eustachio
  3593 | D:4      | Killed Eustachio
  3593 | D:4      | Reached skill level 5 in Armour
  3763 | D:4      | Found an opulent altar of Gozag.
  3807 | D:4      | Reached **** piety under Trog
  3807 | D:4      | Reached skill level 8 in Axes
  3975 | D:5      | Entered Level 5 of the Dungeon
  4102 | D:5      | Found a basalt altar of Yredelemnul.
  4146 | D:5      | Found a staircase to the Ecumenical Temple.
  4544 | D:5      | Found an iron altar of Okawaru.
  4678 | D:5      | Reached XP level 8. HP: 70/70 MP: 7/7
  5401 | D:6      | Reached skill level 9 in Axes
  5803 | D:6      | Reached ***** piety under Trog
  6421 | D:6      | Reached skill level 10 in Axes
  6526 | D:6      | Reached XP level 9. HP: 41/77 MP: 8/8
  7081 | D:6      | Received a gift from Trog
  7596 | D:7      | Found a burning altar of Makhleb.
  7597 | D:7      | Found a radiant altar of Vehumet.
  7720 | D:7      | Reached skill level 11 in Axes
  8263 | D:7      | Noticed an orc knight
  8339 | D:7      | Killed an orc knight
  8339 | D:7      | Reached skill level 5 in Dodging
  8699 | D:7      | Reached XP level 10. HP: 85/87 MP: 9/9
  9394 | D:8      | Noticed a two-headed ogre
  9406 | D:8      | Killed a two-headed ogre
  9406 | D:8      | Reached skill level 12 in Axes
  9915 | D:9      | Found a staircase to the Orcish Mines.
  9917 | D:9      | Noticed namelastname112's ghost (novice DrCj)
 10768 | D:8      | Reached skill level 10 in Armour
 10952 | D:8      | Received a gift from Trog
 11249 | D:9      | Noticed an orange demon
 11252 | D:9      | Noticed an orange demon
 11254 | D:9      | Noticed an orange demon
 11254 | D:9      | Found a corrupted altar of Lugonu.
 11254 | D:9      | Noticed Psyche
 11588 | D:9      | Reached skill level 10 in Fighting
 11616 | D:9      | Killed from afar by namelastname112's ghost

Vault maps used:
D:1:      enne_arrival_octagon_isle, st_stairs_2, ashenzari_altar_1
D:2:      kennysheep_six_static_rooms, nicolae_overflow_hidden_temple,
          chequers_ecumenical_altar_island, minmay_misc_feat_rows, uniq_terence
D:3:      kiku_gazebo_pond_becter, tso_altar, portal_sewer_entry_f, st_stairs_11
D:4:      kennysheep_mini, uniq_blork_the_orc, uniq_eustachio, uniq_sigmund
D:5:      lemuel_zombie_altar_yredelemnul, minmay_temple_entry_fiery,
          first_bread, okawaru_trees_2
D:6:      lemuel_castle_with_subvaults
D:7:      kennysheep_windowed_halls, grunt_temple_overflow_lords_of_destruction,
          kennysheep_cross_room
D:8:      corexii_leaking_fountain
D:9:      zombieorc2_lemuel, special_room, basic_altar,
          hangedman_little_slice_of_home, lemuel_hellish_altar, uniq_psyche
Sewer:    sewer_frog_island_01

Skill      XL: |  1  2  3  4  5  6  7  8  9 10 |
---------------+-------------------------------+-----
Axes           | 4 5 6 7 8 10 11 12 | 12.9
Fighting       | 4 5 6 8 10 | 10.1
Armour         | 3 4 6 7 8 10 | 10.3
Stealth        | 1 2 |  2.2
Dodging        | 3 4 5 |  5.9

Action                   |  1- 3 |  4- 6 |  7- 9 | 10-12 || total
-------------------------+-------+-------+-------+-------++-------
Melee: Hand axe          |    62 |   171 |   495 |   191 ||   919
       Headbutt          |    12 |    32 |   102 |    44 ||   190
Invok: Burn Spellbooks   |       |     1 |       |     1 ||     2
       Berserk           |       |       |     2 |     4 ||     6
       Brothers in Arms  |       |       |       |     1 ||     1
  Use: Scroll            |       |     2 |       |       ||     2
  Eat: Chunk             |       |     8 |    18 |     2 ||    28
       Fruit             |       |       |     1 |       ||     1
       Meat ration       |       |       |       |     1 ||     1
       Bread ration      |       |       |       |     1 ||     1
       Royal jelly       |       |       |       |     1 ||     1
Armor: Animal skin       |    12 |       |       |       ||    12
       Scale mail        |       |    57 |   139 |    47 ||   243
Dodge: Dodged            |    44 |   100 |   235 |   100 ||   479
